 Dungeon Crawl Stone Soup version 0.25.1-2-g60ff931df9 (webtiles) character file.

Game seed: 17595375678044132914

1385 DerDa the Skirmisher (level 8, 0/78 HPs)
             Began as a Gargoyle Berserker on Sept 22, 2020.
             Was an Elder of Trog.
             Slain by an adder (2 damage)
             ... on level 6 of the Dungeon.
             The game lasted 00:11:37 (7017 turns).

DerDa the Skirmisher (Gargoyle Berserker)           Turns: 7017, Time: 00:11:38

Health: 0/78       AC: 17    Str: 22    XL:     8   Next: 67%
Magic:  9/10       EV: 11    Int:  9    God:    Trog [****..]
Gold:   281        SH:  9    Dex:  9    Spells: 7/7 levels left

rFire    . . .     SeeInvis .   E - +0 mace (drain)
rCold    . . .     Gourm    .   J - +0 kite shield
rNeg     + . .     Faith    .   L - +3 leather armour {rPois}
rPois    ∞         Spirit   .   O - +4 hat "Visatz" {rPois}
rElec    +         Reflect  .   (no cloak)
rCorr    .         Harm     .   o - +0 pair of gloves
MR       .....                  (no boots)
Stlth    ..........             H - amulet of magic regeneration
HPRegen  0.23/turn              (no ring)
MPRegen  0.37/turn              (no ring)

@: berserking, very quick
A: negative energy resistance 1, electricity resistance, unbreathing,
petrification resistance, rot immunity, AC +5
a: Berserk, Trog's Hand, Brothers in Arms, Renounce Religion


You were on level 6 of the Dungeon.
You worshipped Trog.
Trog was greatly pleased with you.
You were near starving.

You visited 1 branch of the dungeon, and saw 6 of its levels.
You also visited: Sewer.

You collected 281 gold pieces.

Inventory:

Hand Weapons
 a - a +0 mace
 p - a +0 hand crossbow
 s - a +0 hunting sling
 E - a +0 mace of draining (weapon)
Missiles
 d - 2 javelins
 q - 29 poisoned darts (quivered)
 t - 25 sling bullets
 w - 28 bolts
Armour
 o - a +0 pair of gloves (worn)
 J - a +0 kite shield (worn)
 L - a +3 leather armour of poison resistance (worn)
 O - the +4 hat "Visatz" (worn) {rPois}
   (You found it on level 5 of the Dungeon)

   It protects you from poison.
Jewellery
 H - an amulet of magic regeneration (around neck)
Wands
 f - a wand of enslavement (16)
 I - a wand of acid (9)
 K - a wand of flame (8)
Scrolls
 e - 5 scrolls of teleportation
 g - a scroll of fog
 j - 3 scrolls of magic mapping {unknown}
 k - 2 scrolls of immolation {unknown}
 l - 4 scrolls of remove curse
 n - a scroll of enchant armour {unknown}
 x - 3 scrolls of fear {unknown}
 C - 2 scrolls of enchant weapon {unknown}
 M - a scroll of silence
Potions
 b - 3 potions of flight {unknown}
 h - a potion of stabbing {unknown}
 i - 6 potions of curing {unknown}
 m - 2 potions of might {unknown}
 r - a potion of lignification {unknown}
 u - a potion of resistance {unknown}
 v - 2 potions of cancellation {unknown}
 z - a potion of magic {unknown}
 A - a potion of haste {unknown}
 B - a potion of brilliance {unknown}
 F - a potion of invisibility {unknown}
Comestibles
 c - 5 rations


   Skills:
 * Level 6.6 Fighting
 + Level 4.9 Maces & Flails
 + Level 4.5 Armour
 * Level 4.6 Dodging
 + Level 3.3 Shields
 + Level 2.7 Evocations


You had 7 spell levels left.
You didn't know any spells.
Your spell library was empty.

Dungeon Overview and Level Annotations

Branches:
Dungeon (6/15)              Sewer (visited)
 Temple: D:4-7

Altars:
Ru
Trog
Vehumet


Innate Abilities, Weirdness & Mutations

You are resistant to torment.
Your stone body is resilient. (AC +5)
You are immune to poison.
You resist negative energy. (rN+)
You are resistant to electric shocks. (rElec)
You can survive without breathing.
You are immune to petrification.
You are immune to rotting.


Message History

A red film seems to cover your vision as you go berserk!
You feel yourself moving faster!
You feel mighty!
You are near starving!
The steam dragon bites you.
* * * LOW HITPOINT WARNING * * *
The steam dragon claws you but does no damage.
You sock the steam dragon!
The steam dragon is heavily wounded.
You sock the steam dragon!
The steam dragon is severely wounded.
The steam dragon bites you but does no damage.
The steam dragon barely misses you.
You sock the steam dragon! You drain the steam dragon.
You kill the steam dragon!
Trog accepts your kill. The adder closely misses you.
You hit the adder.
The adder is heavily wounded.
The adder bites you.
You die...

####..#####..# #......÷.#
#.# ### #.######.# #.# ..#
#.#≈≈≈≈'.# #.# ..#
#.#≈≈≈≈#.# #.# ..#
##.#≈.≈≈#.# #.# ..#
#..#≈≈≈≈#.# #.##
..####..#≈≈≈≈#.###..##.###.
........######..@S.........
................####.....##
......[.........# .##...+
................# ## ###
................#
................#
................#
..).............#
................#


You could see an adder.

Vanquished Creatures
  A hippogriff (D:5)
  A steam dragon (D:6)
  Menkaure (D:4)
  A phantom (D:5)
  2 ogres
  A big kobold (Sewer)
  2 hounds
  A jelly (D:6)
  An orc wizard (D:3)
  A bullfrog skeleton (D:6)
  An iguana (D:4)
  Ijyb (D:5)
  5 worker ants
  Robin (D:2)
  3 gnolls (D:4)
  5 adders
  A howler monkey skeleton (D:4)
  5 river rats
  A worm (D:2)
  4 dart slugs
  5 leopard geckos
  3 orcs
  5 giant cockroaches
  23 goblins
  13 hobgoblins
  16 jackals
  11 kobolds
  2 ball pythons (D:6)
  A ball python skeleton (D:4)
  10 bats
  3 frilled lizards
  A leopard gecko skeleton (D:4)
  16 rats
148 creatures vanquished.

Notes
Turn   | Place    | Note
-------+----------+-------------------------------------------
     0 | D:1      | DerDa the Gargoyle Berserker began the quest for the Orb.
     0 | D:1      | Reached XP level 1. HP: 14/14 MP: 1/1
    48 | D:1      | Reached XP level 2. HP: 4/19 MP: 2/2
   692 | D:1      | Reached XP level 3. HP: 24/24 MP: 3/3
   705 | D:1      | Reached ** piety under Trog
  1145 | D:1      | Reached skill level 4 in Fighting
  1549 | D:2      | Found a faded altar of an unknown god.
  1557 | D:2      | Reached XP level 4. HP: 29/29 MP: 4/4
  1568 | D:2      | Found a radiant altar of Vehumet.
  1900 | D:2      | Noticed Robin
  2318 | D:2      | Killed Robin
  2755 | D:3      | Reached XP level 5. HP: 23/33 MP: 5/5
  2845 | D:3      | Reached *** piety under Trog
  3159 | D:3      | Found a sacrificial altar of Ru.
  3302 | D:3      | Reached skill level 1 in Shields
  3840 | D:3      | Noticed a moth of wrath
  3842 | D:3      | Found a bloodstained altar of Trog.
  4041 | D:4      | Reached skill level 1 in Evocations
  4041 | D:4      | Reached XP level 6. HP: 34/39 MP: 6/6
  4551 | D:4      | Reached **** piety under Trog
  4700 | D:4      | Reached skill level 5 in Fighting
  4937 | D:4      | Noticed Menkaure
  4952 | D:4      | Killed Menkaure
  4952 | D:4      | Reached XP level 7. HP: 22/44 MP: 8/8
  5540 | D:5      | Entered Level 5 of the Dungeon
  5554 | D:5      | Noticed Ijyb
  5568 | D:5      | Killed Ijyb
  5933 | D:5      | Noticed a hippogriff
  5949 | D:5      | Killed a hippogriff
  5949 | D:5      | Reached XP level 8. HP: 38/51 MP: 9/9
  5955 | D:5      | Got a steaming hat
  5965 | D:5      | Identified the +4 hat "Visatz" {rPois} (You found it on
                  | level 5 of the Dungeon)
  5973 | D:5      | Reached skill level 6 in Fighting
  6632 | D:6      | Found a glowing drain.
  6672 | Sewer    | Entered a sewer
  6883 | Sewer    | Found a white marble altar of Elyvilon.
  7013 | D:6      | HP: 1/78 [steam dragon (4)]
  7017 | D:6      | Slain by an adder

Illustrated notes

Levels and vault maps discovered:
D:1:      dpeg_arrival_more_subterranean_lakeside_camping, layout_loops_ring,
          nrook_loot_triangle, minmay_misc_feat_room
D:2:      lemuel_upstairs_altar, layout_loops_cross, vehumet_crystals,
          chequers_ecumenical_altar_simple_redux, serial_forest,
          infiniplex_forest_clump_C, infiniplex_forest_clump_small,
          infiniplex_forest_lined_corner, infiniplex_forest_lined_3,
          infiniplex_forest_lined_room_2, infiniplex_forest_lined_corner,
          infiniplex_forest_clump_tiny, eino_tiny_chamber, uniq_robin
D:3:      layout_basic, nicolae_ru_great_annihilating_truth, tgw_trog
D:4:      minmay_door_path, layout_basic, chequers_jeans, uniq_menkaure
D:5:      layout_loops_ring, first_ration, hangedman_glass_teeth, uniq_ijyb
D:6:      cheibrodos_steamvent, layout_basic, nicolae_overflow_crystal_walls,
          zin_statuary, portal_sewer_entry_c, enter_ossuary_1,
          okawaru_gym_becter, uniq_eustachio

Skill      XL: |  1  2  3  4  5  6  7  8 |
---------------+-------------------------+-----
Dodging        | 2 3 4 |  4.6
Fighting       | 4 5 6 |  6.6
Armour         | 3 4 |  4.5
Shields        | 1 2 3 |  3.3
Evocations     | 1 2 |  2.7
Maces & Flails | 4 |  4.9

Action                   |  1- 3 |  4- 6 |  7- 9 || total
-------------------------+-------+-------+-------++-------
Melee: Mace              |   145 |   262 |   192 ||   599
Invok: Berserk           |       |     2 |     2 ||     4
  Use: Scroll            |       |       |     6 ||     6
 Stab: Sleeping          |     1 |       |       ||     1
       Paralysed         |       |     1 |       ||     1
  Eat: Chunk             |     2 |    12 |     8 ||    22
Armor: Animal skin       |    49 |    96 |    11 ||   156
       Leather armour    |       |       |    86 ||    86
Dodge: Dodged            |   139 |   171 |    89 ||   399
Block: Buckler           |       |    33 |       ||    33
       Kite shield       |       |     7 |    85 ||    92
